 Dungeon Crawl Stone Soup version 0.31-a0-868-g674d60d6f7 (webtiles) character file.

Game seed: 16777312318218541430

18 miscthings the Charlatan (level 2, -8/23 HPs)
             Began as a Gnoll Artificer on Oct 11, 2023.
             Killed by an exploding hobgoblin (10 damage)
             ... ignited by their inner flame
             ... on level 1 of the Dungeon.
             The game lasted 00:01:15 (352 turns).

miscthings the Charlatan (Gnoll Artificer)           Turns: 352, Time: 00:01:15

Health: -8/23      AC:  3    Str: 11    XL:     2   Next: 66%
Magic:  2/2        EV: 12    Int: 10    God:
Gold:   0          SH:  0    Dex: 12    Spells: 2/2 levels left

rFire   . . .        a - +0 club
rCold   + . .        (no shield)
rNeg    . . .        b - +0 leather armour
rPois   .            (no helmet)
rElec   .            (no cloak)
rCorr   .            (no gloves)
SInv    .            (no boots)
Will    .....        (no amulet)
Stlth   ++           g - ring of protection from cold
HPRegen 0.23/turn    (no ring)
MPRegen 0.08/turn

%: no passive effects
@: lethally poisoned (-8 -> -12)
A: fangs 1, strong nose, distributed training
a: no special abilities


You were on level 1 of the Dungeon.
You visited 1 branch of the dungeon, and saw 1 of its levels.

Inventory:

Hand Weapons
 a - a +0 club (weapon)
Armour
 b - a +0 leather armour (worn)
Magical Staves
 j - a staff of cold
Jewellery
 g - a ring of protection from cold (left hand)
Wands
 c - a wand of flame (14) (quivered)
 d - a wand of charming (12)
 e - a wand of iceblast (5)
Scrolls
 h - a scroll of enchant armour {unknown}
 i - a scroll of identify {unknown}


   Skills:
 + Level 2.5 Fighting
 + Level 0.5 Short Blades
 + Level 0.5 Long Blades
 + Level 0.5 Axes
 + Level 0.5 Maces & Flails
 + Level 0.5 Polearms
 + Level 0.5 Staves
 + Level 0.5 Ranged Weapons
 + Level 0.5 Throwing
 + Level 4.5 Armour
 + Level 2.5 Dodging
 + Level 2.3 Stealth
 + Level 0.5 Shields
 + Level 0.5 Unarmed Combat
 + Level 0.5 Spellcasting
 + Level 0.3 Conjurations
 + Level 0.3 Hexes
 + Level 0.3 Summonings
 + Level 0.3 Necromancy
 + Level 0.3 Translocations
 + Level 0.3 Transmutations
 + Level 0.3 Fire Magic
 + Level 0.3 Ice Magic
 + Level 0.3 Air Magic
 + Level 0.3 Earth Magic
 + Level 0.3 Poison Magic
 + Level 0.6 Invocations
 + Level 6.5 Evocations
 + Level 0.4 Shapeshifting


You had 2 spell levels left.
You didn't know any spells.
Your spell library was empty.

Dungeon Overview and Level Annotations

Branches:
Dungeon (1/15)

Altars:

Shops:
D:1 *


Innate Abilities, Weirdness & Mutations

You have very sharp teeth.
Your uncanny sense of smell can sniff out nearby items.
Your experience applies equally to all skills.


Message History

You are too injured to fight recklessly!
You are too injured to fight recklessly!
You are too injured to fight recklessly!
You are too injured to fight recklessly!
You are too injured to fight recklessly!
You are too injured to fight recklessly!
You are too injured to fight recklessly!
Aiming: Charm
Press: ? - help, Shift-Dir - straight line, f - hobgoblin
Aim: a hobgoblin, wielding a +0 whip of venom (chance to affect: 79%)
The hobgoblin barely resists.
You feel very sick.
The hobgoblin hits you with a +0 whip of venom.
The rat bites you but does no damage.
Aiming: Charm
Press: ? - help, Shift-Dir - straight line, f/p - hobgoblin
Aim: a hobgoblin, wielding a +0 whip of venom (chance to affect: 79%)
The hobgoblin is charmed.
* * * LOW HITPOINT WARNING * * *
You feel sick. The rat bites you.
* * * LOW HITPOINT WARNING * * *
You swap places.
* * * LOW HITPOINT WARNING * * *
You feel sick. The rat bites your hobgoblin.
You aren't carrying any potions.
As you read the scroll labelled CUOFRO FIST, it crumbles to dust.
The creatures around you are filled with an inner flame!
It was a scroll of immolation.
* * * LOW HITPOINT WARNING * * *
You feel sick.
Your hobgoblin hits the rat with a +0 whip of venom.
Flame seeps out of the rat.
The rat is poisoned.
The rat is engulfed in blazing flames.
The rat explodes!
The fiery explosion engulfs the goblin!!
The fiery explosion engulfs the hobgoblin!!
The fiery explosion engulfs your hobgoblin!
Your hobgoblin explodes!
The fiery explosion engulfs you!
You die...

... #.... .... ##..# # .....
##### ##. .# #...#...# .#
..### #####.#.##..#.#.#
...##...# #..... .......#..
#....#.# #...#########...#
.#..#..§###........#..#.#.#
.......g.○§@......#.#....#..
....#...###§......#.#...##..
....###.# ##.....†#.#.......
........#####.......#.#.#...
g........................>..
#.####..######..............
#..# #.#....##.##..# .....
#.#....##.##... .....#
#.###### .##...


You could see a goblin (inner flame).

Vanquished Creatures
  2 ball pythons (D:1)
  2 bats (D:1)
  3 endoplasms (D:1)
  2 goblins (D:1)
  4 hobgoblins (D:1)
  A quokka (D:1)
  2 frilled lizards (D:1)
  4 rats (D:1)
20 creatures vanquished.

Vanquished Creatures (others)
  An endoplasm (D:1)
1 creature vanquished.

Grand Total: 21 creatures vanquished

Notes
Turn   | Place    | Note
-------+----------+-------------------------------------------
     0 | D:1      | miscthings the Gnoll Artificer began the quest for the Orb.
     0 | D:1      | Reached XP level 1. HP: 17/17 MP: 1/1
    13 | D:1      | Found Ytues's Assorted Antiques.
    65 | D:1      | Reached XP level 2. HP: 19/23 MP: 2/2
   352 | D:1      | Killed by an exploding hobgoblin... ignited by their inner
                  | flame

Illustrated notes

Levels and vault maps discovered:
D:1:      dpeg_arrival_rooms_with_view, layout_basic, serial_shops, shop,
          minmay_splitting_lines

Action                     || total
---------------------------++-------
  Melee: Club              ||    83
         Bite              ||    10
         Punch             ||     2
  Evoke: Wand              ||     4
    Use: Scroll            ||     1
   Stab: Sleeping          ||     1
 Armour: Leather armour    ||    62
  Dodge: Dodged            ||    80

Table legend: (Time is in decaauts)
 A = Elapsed time spent in this place.
 B = Non-inter-level travel time spent in this place.
 C = Inter-level travel time spent in this place.
 D = Time resting spent in this place.
 E = Time spent auto-exploring this place.
 F = Levels seen in this place.
 G = Mean time per level.
                   A        B        C        D        E       F      G
               +--------+--------+--------+--------+--------+-----+--------+
         Total |    375 |    375 |      0 |     72 |    115 |   1 |  375.0 |
       Dungeon |    375 |    375 |      0 |     72 |    115 |   1 |  375.0 |
               +--------+--------+--------+--------+--------+-----+--------+

Top non-repeatable levels by time:
     D:1: 375 daAuts
